 Dungeon Crawl Stone Soup version 0.23.2-1-ga50397a (webtiles) character file.

Game seed: 15579617131751418089

541 esteth the Magician (level 7, -5/51 HPs)
             Began as a Gnoll Wizard on Apr 20, 2019.
             Was a Believer of Okawaru.
             Killed by nerve-wracking pain
             ... invoked by an orc priest
              (13 damage)
             ... on level 6 of the Dungeon.
             The game lasted 00:10:28 (4172 turns).

esteth the Magician (Gnoll Wizard)                  Turns: 4172, Time: 00:10:28

Health: -5/51      AC:  5    Str:  9    XL:     7   Next: 26%
Magic:  7/18       EV: 20    Int: 24    God:    Okawaru [**....]
Gold:   224        SH:  5    Dex: 19    Spells: 10/21 levels left

rFire    . . .     SeeInvis .   e - +3 dagger
rCold    . . .     Gourm    .   q - +0 buckler
rNeg     . . .     Faith    .   a - +0 robe
rPois    .         Spirit   .   b - +1 hat
rElec    .         Reflect  .   n - +0 cloak
rCorr    .         Harm     .   u - +0 pair of gloves (curse)
MR       .....                  (no boots)
Stlth    ++++......             (no amulet)
HPRegen  0.17/turn              j - +2 ring of intelligence
MPRegen  0.16/turn              (no ring)

@: agile, berserk cooldown, very slightly contaminated, slowed, very slow
A: distributed training, fangs 1, strong nose
a: Heroism, Renounce Religion


You were on level 6 of the Dungeon.
You worshipped Okawaru.
Okawaru was pleased with you.
You were not hungry.

You visited 1 branch of the dungeon, and saw 6 of its levels.

You collected 224 gold pieces.

Inventory:

Hand Weapons
 e - a +3 dagger (weapon)
 x - a +0 trident
Armour
 a - a +0 robe (worn)
 b - a +1 hat (worn)
 n - a +0 cloak (worn)
 q - a +0 buckler (worn)
 u - a cursed +0 pair of gloves (worn)
Jewellery
 h - an uncursed ring of fire
 j - a +2 ring of intelligence (left hand)
Scrolls
 f - 2 scrolls of fog {unknown}
 g - 4 scrolls of amnesia
 k - a scroll of fear
 l - 2 scrolls of remove curse
 m - a scroll of teleportation
 r - 5 scrolls of identify
 t - 2 scrolls of enchant weapon {unknown}
 v - a scroll of silence {unknown}
 y - a scroll of magic mapping {unknown}
 B - a scroll of noise {unknown}
Potions
 i - a potion of agility
 o - a potion of lignification {unknown}
 p - a potion of berserk rage
 s - a potion of degeneration {unknown}
 w - a potion of haste {unknown}
 z - a potion of resistance {unknown}
 C - a potion of might {unknown}
Comestibles
 d - 11 rations
 A - 9 chunks of flesh


   Skills:
 + Level 2.3 Fighting
 + Level 2.3 Short Blades
 + Level 2.3 Long Blades
 + Level 2.3 Axes
 + Level 2.3 Maces & Flails
 + Level 2.3 Polearms
 + Level 2.3 Staves
 + Level 2.3 Slings
 + Level 2.3 Bows
 + Level 2.3 Crossbows
 + Level 2.3 Throwing
 + Level 2.3 Armour
 + Level 5.1 Dodging
 + Level 4.8 Stealth
 + Level 2.3 Shields
 + Level 2.3 Unarmed Combat
 + Level 7.5 Spellcasting
 + Level 2.9 Conjurations
 + Level 1.9 Hexes
 + Level 1.9 Charms
 + Level 2.9 Summonings
 + Level 1.9 Necromancy
 + Level 2.9 Translocations
 + Level 1.9 Transmutations
 + Level 1.9 Fire Magic
 + Level 1.9 Ice Magic
 + Level 1.9 Air Magic
 + Level 1.9 Earth Magic
 + Level 1.9 Poison Magic
 + Level 2.5 Invocations
 + Level 2.3 Evocations


You had 10 spell levels left.
You knew the following spells:

 Your Spells              Type           Power        Failure   Level  Hunger
a - Magic Dart            Conj           ###.         2%          1    None
b - Blink                 Tloc           N/A          3%          2    None
c - Call Imp              Summ           ###.....     3%          2    None
d - Conjure Flame         Conj/Fire      ###.....     10%         3    None
e - Mephitic Cloud        Conj/Pois/Air  ###.....     10%         3    None

Your spell library contained the following spells:

 Spells                   Type           Power        Failure   Level  Hunger
 Slow                     Hex            ###.....     6%          2    None
 Iskenderun's Battlesphe  Conj/Chrm      ###.....     65%         5    #####..
 Venom Bolt               Conj/Pois      ###.......   65%         5    #####..
 Bolt of Magma            Conj/Fire/Erth ###.......   67%         5    #####..
 Iron Shot                Conj/Erth      ###.......   99%         6    ######.
 Orb of Destruction       Conj           ###.......   100%        7    #######
 Spellforged Servitor     Conj/Summ      ###.......   100%        7    #######


Dungeon Overview and Level Annotations

Branches:
Dungeon (5/15)
 Temple: D:4-7

Altars:
Okawaru

Shops:
D:5 }


Innate Abilities, Weirdness & Mutations

Your experience applies equally to all skills.
You have very sharp teeth.
Your uncanny sense of smell can sniff out nearby items.


Message History

The orc priest is heavily wounded.
The orc priest closely misses you.
You bump into the rock wall.
The centaur closely misses the orc priest.
You are too berserk!
You are too berserk!
You hit the orc priest.
The orc priest is severely wounded.
The centaur closely misses the orc priest.
The orc priest misses you.
You bump into the rock wall.
The centaur hits the orc priest but does no damage.
You're too confused to move!
You feel a strong urge to attack something.
You feel less confused.
You are no longer berserk.
You are exhausted.
You feel yourself slow down.
The orc priest invokes the aid of Beogh against you.
Pain shoots through your body!
You die...

#..... #.o..
∆ #... ∆ #..
∆ #o# #(# #.#
#######(##
#....@o)c#
#.########
#.######.#
.#........#
#...........#
#...........#
#.#.#######.#
# #.#. #.#.#
# # ..
##.#.#.##


You could see a centaur (confused) and an orc priest.

Vanquished Creatures
  Sigmund (D:3)
  A jelly (D:5)
  2 orc wizards
  3 orc priests (D:6)
  4 worker ants
  A hound zombie (D:5)
  7 adders
  3 oozes
  An adder skeleton (D:4)
  A worm (D:2)
  4 dart slugs
  2 leopard geckos
  3 orcs
  3 giant cockroaches
  3 goblins
  3 hobgoblins
  4 jackals
  2 quokkas
  A ball python zombie (D:5)
  3 bats (D:1)
  2 frilled lizards
  6 kobolds
  3 rats
63 creatures vanquished.

Notes
Turn   | Place    | Note
-------+----------+-------------------------------------------
     0 | D:1      | esteth the Gnoll Wizard began the quest for the Orb.
     0 | D:1      | Reached XP level 1. HP: 13/13 MP: 8/8
   174 | D:1      | Reached XP level 2. HP: 19/19 MP: 10/10
   178 | D:1      | Learned a level 2 spell: Blink
   181 | D:1      | Learned a level 2 spell: Call Imp
   244 | D:1      | Found an iron altar of Okawaru.
   254 | D:1      | Became a worshipper of Warmaster Okawaru
   856 | D:2      | Reached XP level 3. HP: 25/25 MP: 11/11
   866 | D:2      | Learned a level 3 spell: Conjure Flame
  1003 | D:2      | Reached skill level 1 in Invocations
  1118 | D:2      | Learned a level 3 spell: Mephitic Cloud
  1156 | D:2      | Reached skill level 1 in Fighting
  1156 | D:2      | Reached skill level 1 in Short Blades
  1156 | D:2      | Reached skill level 1 in Long Blades
  1156 | D:2      | Reached skill level 1 in Axes
  1156 | D:2      | Reached skill level 1 in Maces & Flails
  1156 | D:2      | Reached skill level 1 in Polearms
  1156 | D:2      | Reached skill level 1 in Staves
  1156 | D:2      | Reached skill level 1 in Slings
  1156 | D:2      | Reached skill level 1 in Bows
  1156 | D:2      | Reached skill level 1 in Crossbows
  1156 | D:2      | Reached skill level 1 in Throwing
  1156 | D:2      | Reached skill level 1 in Armour
  1156 | D:2      | Reached skill level 1 in Shields
  1156 | D:2      | Reached skill level 1 in Unarmed Combat
  1156 | D:2      | Reached skill level 1 in Evocations
  1420 | D:2      | Reached XP level 4. HP: 23/32 MP: 5/13
  1926 | D:3      | Reached skill level 1 in Hexes
  1926 | D:3      | Reached skill level 1 in Charms
  1926 | D:3      | Reached skill level 1 in Necromancy
  1926 | D:3      | Reached skill level 1 in Transmutations
  1926 | D:3      | Reached skill level 1 in Fire Magic
  1926 | D:3      | Reached skill level 1 in Ice Magic
  1926 | D:3      | Reached skill level 1 in Air Magic
  1926 | D:3      | Reached skill level 1 in Earth Magic
  1926 | D:3      | Reached skill level 1 in Poison Magic
  2107 | D:3      | Reached XP level 5. HP: 33/37 MP: 11/14
  2137 | D:3      | Noticed Sigmund
  2343 | D:3      | Killed Sigmund
  2343 | D:3      | Reached * piety under Okawaru
  2343 | D:3      | Reached XP level 6. HP: 44/44 MP: 6/16
  2994 | D:4      | Reached skill level 5 in Dodging
  3754 | D:5      | Entered Level 5 of the Dungeon
  3804 | D:5      | Found Qonli's Gadget Boutique.
  3817 | D:5      | Noticed an ice beast
  3921 | D:5      | Reached ** piety under Okawaru
  3921 | D:5      | Reached XP level 7. HP: 50/50 MP: 18/18
  4005 | D:5      | You fall through a shaft!
  4172 | D:6      | Killed from afar by an orc priest

Skill      XL: |  1  2  3  4  5  6 |
---------------+-------------------+-----
Conjurations   | 2 |  2.9
Summonings     | 2 |  2.9
Translocations | 2 |  2.9
Invocations    | 1 2 |  2.5
Fighting       | 1 2 |  2.3
Short Blades   | 1 2 |  2.3
Long Blades    | 1 2 |  2.3
Axes           | 1 2 |  2.3
Maces & Flails | 1 2 |  2.3
Polearms       | 1 2 |  2.3
Staves         | 1 2 |  2.3
Slings         | 1 2 |  2.3
Bows           | 1 2 |  2.3
Crossbows      | 1 2 |  2.3
Throwing       | 1 2 |  2.3
Armour         | 1 2 |  2.3
Shields        | 1 2 |  2.3
Unarmed Combat | 1 2 |  2.3
Evocations     | 1 2 |  2.3
Hexes          | 1 |  1.9
Charms         | 1 |  1.9
Necromancy     | 1 |  1.9
Transmutations | 1 |  1.9
Fire Magic     | 1 |  1.9
Ice Magic      | 1 |  1.9
Air Magic      | 1 |  1.9
Earth Magic    | 1 |  1.9
Poison Magic   | 1 |  1.9
Dodging        | 5 |  5.1
Stealth        | |  4.8
Spellcasting   | |  7.5

Action                   |  1- 3 |  4- 6 |  7- 9 || total
-------------------------+-------+-------+-------++-------
Melee: Dagger            |    40 |   121 |    23 ||   184
       Bite              |     1 |     8 |     3 ||    12
 Cast: Magic Dart        |    21 |    19 |    14 ||    54
       Mephitic Cloud    |       |     6 |     3 ||     9
       Conjure Flame     |       |     1 |       ||     1
  Use: Scroll            |     6 |     1 |       ||     7
       Potion            |       |     1 |     3 ||     4
 Stab: Sleeping          |     7 |     5 |       ||    12
       Confused          |       |     6 |       ||     6
  Eat: Ration            |       |     2 |       ||     2
       Chunk             |       |     3 |       ||     3
Armor: Robe              |     7 |    19 |     1 ||    27
Dodge: Dodged            |    23 |    81 |    13 ||   117
Block: Buckler           |       |     8 |     3 ||    11
